 Dungeon Crawl Stone Soup version 0.20.0-10-g0535bb4 (webtiles) character file.

510 tilp the Cutter (level 6, 0/45 HPs)
             Began as a Draconian Fire Elementalist on June 4, 2017.
             Slain by an orc wizard
             ... wielding a +0 dagger of electrocution
              (12 damage)
             ... on level 5 of the Dungeon.
             The game lasted 00:12:55 (4278 turns).

tilp the Cutter (Draconian Fire Elementalist)       Turns: 4278, Time: 00:12:55

Health: 0/45       AC:  7    Str: 11    XL:     6   Next: 98%
Magic:  11/12      EV: 12    Int: 17    God:
Gold:   186        SH:  0    Dex: 11    Spells: 0/13 levels left

rFire    . . .     SeeInvis .   m - +1 dagger (drain)
rCold    . . .     Gourm    .   (no shield)
rNeg     . . .     Faith    .   (armour unavailable)
rPois    .         Spirit   .   (helmet restricted)
rElec    .         Reflect  .   s - +0 cloak
rCorr    .         Harm     .   (no gloves)
MR       .....                  (no boots)
Stlth    ++........             (no amulet)
Regen    0.2/turn               (no ring)
MPRegen  0.2/turn               (no ring)

@: about to teleport
A: unfitting armour, cold-blooded, AC +6
a: no special abilities


You were on level 5 of the Dungeon.
You were not hungry.

You visited 1 branch of the dungeon, and saw 5 of its levels.

You collected 186 gold pieces.

Inventory:

Hand Weapons
 e - a +0 short sword
 m - a +1 dagger of draining (weapon)
 t - a +0 dagger of flaming
Armour
 s - a +0 cloak (worn)
 A - a +0 shield
Magical Staves
 B - an uncursed staff of summoning
Wands
 y - a wand of random effects (27/48)
Scrolls
 c - 6 scrolls of remove curse
 d - a scroll of random uselessness {unknown}
 g - a scroll of enchant weapon {unknown}
 h - 3 scrolls of teleportation
 k - a scroll of identify
 p - a scroll of immolation {unknown}
 x - a scroll of amnesia {unknown}
Potions
 f - a potion of flight
 j - a potion of agility {unknown}
 l - a potion of ambrosia {unknown}
 n - a potion of heal wounds {unknown}
 o - 2 potions of invisibility
 q - 3 potions of lignification
 r - 4 potions of curing
 v - 2 potions of magic {unknown}
 w - a potion of might {unknown}
Books
 a - a book of Flames

   Spells                             Type                      Level
   a - Flame Tongue                   Conjuration/Fire             1
   b - Throw Flame                    Conjuration/Fire             2
   c - Conjure Flame                  Conjuration/Fire             3
   d - Inner Flame                    Hexes/Fire                   3
   e - Sticky Flame                   Conjuration/Fire             4
   f - Fireball                       Conjuration/Fire             5
Comestibles
 b - 7 bread rations
 i - 2 chunks of flesh
 z - 3 meat rations


   Skills:
 + Level 4.4 Short Blades
 - Level 1.7 Dodging
 - Level 1.7 Stealth
 * Level 4.4 Spellcasting
 - Level 1.0 Conjurations
 + Level 4.1 Fire Magic
 * Level 1.8 Evocations


You couldn't memorise any spells.
You knew the following spells:

 Your Spells              Type           Power        Failure   Level  Hunger
a - Flame Tongue          Conj/Fire      ##...        5%          1    None
b - Throw Flame           Conj/Fire      ##....       8%          2    ##.....
c - Conjure Flame         Conj/Fire      ##......     16%         3    ###....
d - Inner Flame           Hex/Fire       ##......     19%         3    ###....
e - Sticky Flame          Conj/Fire      ##......     45%         4    ####...


Dungeon Overview and Level Annotations

Branches:
Dungeon (5/15)
 Temple: D:4-7

Altars:
Fedhas

Annotations:
D:3 Hasart's ghost, amateur BaFi


Innate Abilities, Weirdness & Mutations

Your plain brown scales are hard. (AC +6)
You cannot fit into any form of body armour.
You are cold-blooded and may be slowed by cold attacks.


Message History

Aiming: Flame Tongue
Press: ? - help, Shift-Dir - straight line, f - orc wizard
Aim: an orc wizard, wielding a dagger of electrocution and wearing a robe (moderately wounded, fast)
The flame tongue misses the orc wizard.
The flame tongue hits the orc.
You kill the orc!
The orc wizard gestures at you while chanting.
The puff of flame hits you!
* * * LOW HITPOINT WARNING * * *
The orc wizard closely misses you.
Okay, then.
As you read the scroll of teleportation, it crumbles to dust.
You feel strangely unstable. The orc wizard casts a spell at you.
The magic dart hits you!
* * * LOW HITPOINT WARNING * * *
Unknown command.
You feel better.
The orc wizard hits you but does no damage.
You are electrocuted!
You die...

.......... #..###...##
.#.#####.. #..# ##### ##.#
##.# #..# (..# .... ###..#
##.# ..... ..#..# ##)# .....
#.#..# ##.# #...... #.#..#
##.##.#......#######.#..####
..#...........oo@..........#
##.##.###......#####.#####>#
#.....##......# #.# #
#.##..##.....o# #.# #.#
.###...?.......# #.# #
#.....###.... ..# ##...##
#.#### ### .... #. :.... ..


You could see an orc wizard and an orc.

Vanquished Creatures
  Eustachio (D:4)
  An ogre (D:4)
  A jelly (D:4)
  An iguana (D:5)
  Terence (D:3)
  A worker ant (D:4)
  8 adders
  An ooze (D:4)
  3 worms
  3 dart slugs
  2 leopard geckos (D:1)
  2 orcs
  2 ball pythons
  3 giant cockroaches
  6 hobgoblins
  12 jackals
  A quokka (D:5)
  6 bats
  5 frilled lizards
  10 goblins
  7 kobolds
  A quokka skeleton (D:5)
  5 rats
83 creatures vanquished.

Notes
Turn   | Place    | Note
-------+----------+-------------------------------------------
     0 | D:1      | tilp the Draconian Fire Elementalist began the quest for the Orb.
     0 | D:1      | Reached XP level 1. HP: 14/14 MP: 3/3
   312 | D:1      | Reached XP level 2. HP: 10/20 MP: 2/5
   348 | D:1      | Learned a level 2 spell: Throw Flame
   619 | D:1      | Reached skill level 1 in Short Blades
   930 | D:1      | Reached XP level 3. HP: 26/26 MP: 7/7
  1385 | D:2      | Reached XP level 4. HP: 32/33 MP: 5/8
  1422 | D:2      | Learned a level 3 spell: Conjure Flame
  1426 | D:2      | Learned a level 3 spell: Inner Flame
  1943 | D:3      | Found a faded altar of an unknown god.
  1974 | D:3      | Noticed Terence
  1994 | D:3      | Killed Terence
  2153 | D:3      | Reached XP level 5. HP: 31/38 MP: 10/10
  2200 | D:3      | Noticed Hasart's ghost (amateur BaFi)
  2223 | D:3      | Found a blossoming altar of Fedhas.
  2545 | D:4      | Noticed an ogre
  2571 | D:4      | Killed an ogre
  2571 | D:4      | Reached skill level 1 in Evocations
  2717 | D:4      | Reached XP level 6. HP: 30/45 MP: 11/11
  2894 | D:4      | Noticed Eustachio
  3070 | D:4      | Killed Eustachio
  3159 | D:4      | Learned a level 4 spell: Sticky Flame
  3724 | D:5      | Entered Level 5 of the Dungeon
  4278 | D:5      | Slain by an orc wizard

Skill      XL: |  1  2  3  4  5  6 |
---------------+-------------------+-----
Short Blades   | 1 2 3 4 |  4.4
Spellcasting   | 3 4 |  4.4
Evocations     | 1 |  1.8
Fire Magic     | 4 |  4.1
Dodging        | |  1.7
Stealth        | |  1.7
Conjurations   | |  1.0

Action                   |  1- 3 |  4- 6 || total
-------------------------+-------+-------++-------
Melee: Short sword       |    65 |       ||    65
       Tailslap          |    12 |    14 ||    26
       Dagger            |    56 |   153 ||   209
 Cast: Flame Tongue      |    19 |    27 ||    46
       Throw Flame       |     1 |    20 ||    21
  Use: Scroll            |       |     7 ||     7
       Potion            |       |     1 ||     1
 Stab: Sleeping          |     1 |     1 ||     2
  Eat: Chunk             |     2 |     7 ||     9
       Royal jelly       |       |     1 ||     1
       Fruit             |       |     1 ||     1
Armor: Skin              |    42 |    50 ||    92
Dodge: Dodged            |    82 |    85 ||   167
